 Dungeon Crawl Stone Soup version 0.26.1-2-gb8aa6d0cf2 (webtiles) character file.

Game seed: 9223076656409206168

11288 Gnirx the Geomancer (level 11, -11/74 HPs)
             Began as a Gargoyle Earth Elementalist on Feb 19, 2021.
             Was a Priest of Vehumet.
             Mangled by a cane toad (15 damage)
             ... on level 2 of the Lair of Beasts.
             The game lasted 00:37:12 (12543 turns).

Gnirx the Geomancer (Gargoyle Earth Elementalist)  Turns: 12543, Time: 00:37:13

Health: -11/74     AC: 14    Str: 10    XL:     11   Next: 75%
Magic:  21/24      EV: 12    Int: 19    God:    Vehumet [***...]
Gold:   340        SH:  0    Dex: 17    Spells: 10/29 levels left

rFire    + . .     SeeInvis +   F - +2 morningstar (vorpal)
rCold    + . .     Faith    .   (no shield)
rNeg     + . .     Spirit   .   G - +1 robe {Will+}
rPois    ∞         Reflect  .   m - +2 hat
rElec    +         Harm     .   R - scarf {rC+ rF+}
rCorr    .         Rampage  .   A - +0 pair of gloves
Will     +....                  (no boots)
Stlth    ++........             q - amulet of regeneration
HPRegen  0.62/turn              e - ring of see invisible
MPRegen  0.19/turn              T - ring of Migu {Wiz rPois Str-2 Dex+7}

@: attractive
A: negative energy resistance 1, electricity resistance, unbreathing,
petrification resistance, miasma immunity, AC +8
a: Renounce Religion


You were on level 2 of the Lair of Beasts.
You worshipped Vehumet.
Vehumet was most pleased with you.
You visited 3 branches of the dungeon, and saw 12 of its levels.

You collected 565 gold pieces.
You spent 225 gold pieces at shops.

Inventory:

Hand Weapons
 i - a +0 mace
 v - a +0 flail
 w - a +0 shortbow
 C - a +4 flail of holy wrath
 F - a +2 vorpal morningstar (weapon)
Missiles
 b - 247 stones
 d - 184 arrows
Armour
 c - a +0 robe
 m - a +2 hat (worn)
 u - the -4 pair of boots "Caemujoi" {rN+}
   (You found it on level 4 of the Dungeon)

   It protects you from negative energy.
 y - a +0 helmet
 A - a +0 pair of gloves (worn)
 G - a +1 robe of willpower (worn)
 H - +0 swamp dragon scales
 R - a scarf of resistance (worn)
Magical Staves
 x - an uncursed staff of death
 P - an uncursed staff of air
Jewellery
 e - a ring of see invisible (left hand)
 f - an uncursed ring of stealth
 q - an amulet of regeneration (around neck)
 r - an uncursed ring of teleportation
 L - an uncursed ring of ice
 Q - a -4 ring of strength
 T - the ring of Migu (right hand) {Wiz rPois Str-2 Dex+7}
   (You found it on level 9 of the Dungeon)

   [ring of wizardry]

   It improves your spell success rate.
   It affects your strength (-2).
   It affects your dexterity (+7).
   It protects you from poison.
Wands
 D - a wand of random effects (17)
 I - a wand of acid (25)
 K - a wand of iceblast (12)
 M - a wand of flame (28)
Scrolls
 a - 6 scrolls of teleportation
 g - 5 scrolls of amnesia
 j - 5 scrolls of remove curse
 z - a scroll of fear
 N - a scroll of enchant armour
 S - a scroll of blinking
Potions
 h - 2 potions of flight
 k - 3 potions of attraction
 l - a potion of might
 n - 5 potions of degeneration
 o - 2 potions of curing
 p - 2 potions of cancellation
 s - 2 potions of mutation {unknown}
 t - a potion of ambrosia
 B - 2 potions of brilliance {unknown}
 E - 3 potions of heal wounds {unknown}
 J - 2 potions of berserk rage {unknown}
 O - a potion of invisibility
 U - a potion of haste {unknown}


   Skills:
 + Level 11.2 Fighting
 - Level 1.5 Dodging
 - Level 2.1 Stealth
 + Level 9.7 Spellcasting
 - Level 0.7 Transmutations
 + Level 3.3 Fire Magic
 + Level 12.6 Earth Magic


You had 10 spell levels left.
You knew the following spells:

 Your Spells              Type           Power        Failure   Level
a - Sandblast             Erth           100%         1%          1
b - Passwall              Tmut/Erth      28%          1%          2
c - Stone Arrow           Conj/Erth      66%          1%          3
d - Foxfire               Conj/Fire      60%          1%          1
e - Lee's Rapid Deconstr  Erth           27%          1%          5
f - Conjure Flame         Conj/Fire      15%          1%          3
g - Sticky Flame          Conj/Fire      15%          4%          4

Your spell library contained the following spells:

 Spells                   Type           Power        Failure   Level
 Ignite Poison            Fire/Tmut/Pois 14%          1%          3
 Petrify                  Tmut/Erth      34%          1%          4
 Sting                    Tmut/Pois      40%          2%          1
 Mephitic Cloud           Conj/Pois/Air  9%           2%          3
 Summon Small Mammal      Summ           36%          3%          1
 Call Imp                 Summ           9%           4%          2
 Poisonous Vapours        Pois/Air       18%          4%          2
 Call Canine Familiar     Summ           9%           9%          3
 Confusing Touch          Hex            9%           9%          3
 Gell's Gravitas          Tloc           4%           9%          3
 Summon Guardian Golem    Hex/Summ       9%           9%          3
 Olgreb's Toxic Radiance  Pois           9%           9%          4
 Yara's Violent Unravell  Hex/Tmut       5%           19%         5
 Summon Ice Beast         Ice/Summ       9%           28%         4
 Summon Lightning Spire   Summ/Air       9%           28%         4
 Metabolic Englaciation   Hex/Ice        4%           61%         5
 Freezing Cloud           Conj/Ice/Air   4%           67%         6


Dungeon Overview and Level Annotations

Branches:
Dungeon (9/15)             Temple (1/1) D:4            Lair (2/6) D:9
  Snake (0/4) Lair:2
  Swamp: Lair:2-4    Shoals: Lair:2-4       Orc: D:9-12

Altars:
Ashenzari
Cheibriados
Dithmenos
Elyvilon
Fedhas
Gozag
Hepliaklqana
Makhleb
Nemelex Xobeh
Okawaru
Qazlal
Ru
Sif Muna
Trog
Uskayaw
Vehumet
Wu Jian
Xom
Yredelemnul
Zin

Shops:
D:4 *   D:7 =

Annotations:
Lair:2 exclusion: oklob plant


Innate Abilities, Weirdness & Mutations

You are resistant to torment.
Your stone body is resilient. (AC +8)
You are immune to poison.
You resist negative energy. (rN+)
You are resistant to electric shocks. (rElec)
You can survive without breathing.
You are immune to petrification.
You are immune to miasma.


Message History

The cane toad stings you!
Unknown command.
You hit the cane toad.
The cane toad is lightly wounded.
The cane toad stings you.
The cane toad stings you but does no damage.
You hit the cane toad.
The cane toad is moderately wounded.
The cane toad stings you! x2
* * * LOW HITPOINT WARNING * * *
You barely miss the cane toad.
The cane toad is moderately wounded.
The cane toad stings you.
* * * LOW HITPOINT WARNING * * *
The cane toad stings you!
* * * LOW HITPOINT WARNING * * *
It was a potion of attraction.
You feel attractive to monsters. The cane toad stings you!
You die...

######## .##.###.P.#..########
..............................
#.................#..P#...#...
#.....#P.###.#...+........#...
#.....#.P.#.##................
###.....#.....#.................
.#P............+@................
...............F#...#............
#........##..##†...#........#...
##......##.#..##........#P......
#..#..................>..........
....$............................
.................................
..../.....>....................>.
.................................


You could see a cane toad.

Vanquished Creatures
  A hydra (Lair:1)
  Pikel (D:6)
  A manticore (D:9)
  2 black mambas
  A cane toad (Lair:2)
  Maggie (D:8)
  3 komodo dragons
  A polar bear (Lair:1)
  3 blink frogs (Lair:1)
  10 yaks
  Menkaure (D:5)
  Edmund (D:6)
  7 water moccasins
  A hornet zombie (D:9)
  5 sky beasts
  4 black bears
  2 phantoms
  5 ogres
  2 ice beasts (D:5)
  3 centaurs
  A big kobold (D:8)
  4 bullfrogs
  3 scorpions
  6 killer bees (D:9)
  12 wights
  A howler monkey (D:5)
  A bullfrog zombie (D:6)
  6 orc priests
  2 centaur skeletons
  6 hounds
  An iron imp (D:7)
  A jelly (D:9)
  7 orc wizards
  8 worker ants
  4 iguanas
  A hound skeleton (D:2)
  A worker ant zombie (D:5)
  17 adders
  4 gnolls (D:6)
  3 shadow imps
  2 white imps (D:9)
  An ufetubus (D:9)
  An ooze (D:3)
  An adder zombie (D:9)
  An adder skeleton (D:4)
  4 worms
  2 dart slugs
  3 leopard geckos
  22 orcs
  7 bats
  6 giant cockroaches
  7 goblins
  8 hobgoblins
  12 jackals
  3 quokkas
  3 ball pythons
  4 frilled lizards
  A jackal skeleton (D:5)
  8 kobolds
  A leopard gecko skeleton (D:6)
  2 quokka skeletons
  A quokka zombie (D:5)
  11 rats
255 creatures vanquished.

Vanquished Creatures (collateral kills)
  A blink frog (Lair:1)
1 creature vanquished.

Vanquished Creatures (others)
  45 fungi
  40 plants
85 creatures vanquished.

Grand Total: 341 creatures vanquished

Notes
Turn   | Place    | Note
-------+----------+-------------------------------------------
     0 | D:1      | Gnirx the Gargoyle Earth Elementalist began the quest for
                  | the Orb.
     0 | D:1      | Reached XP level 1. HP: 10/10 MP: 3/3
   554 | D:1      | Reached XP level 2. HP: 10/16 MP: 5/5
   715 | D:1      | Reached skill level 1 in Fighting
   851 | D:1      | Reached skill level 4 in Earth Magic
  1215 | D:2      | Reached XP level 3. HP: 13/20 MP: 6/6
  1490 | D:2      | Found a shimmering blue altar of Sif Muna.
  1496 | D:2      | Found an iron altar of Okawaru.
  1710 | D:2      | HP: 1/21 [worm (8)]
  1713 | D:2      | Reached XP level 4. HP: 2/26 MP: 3/8
  2230 | D:2      | Found a shadowy altar of Dithmenos.
  2264 | D:2      | Found a hazy altar of Hepliaklqana.
  2460 | D:2      | Found an opulent altar of Gozag.
  3190 | D:3      | Found an iron altar of Okawaru.
  3258 | D:3      | Reached XP level 5. HP: 31/31 MP: 9/9
  3451 | D:3      | Learned a level 2 spell: Passwall
  3455 | D:3      | Learned a level 3 spell: Stone Arrow
  3528 | D:4      | Found a sparkling altar of Nemelex Xobeh.
  3541 | D:4      | Reached skill level 5 in Earth Magic
  3627 | D:4      | Noticed an ogre
  3746 | D:3      | Reached XP level 6. HP: 36/37 MP: 11/11
  4031 | D:4      | Found a burning altar of Makhleb.
  4215 | D:4      | Found Vala's Lightly-Used Armoury.
  4473 | D:4      | Found a glowing silver altar of Zin.
  4503 | D:4      | Found a staircase to the Ecumenical Temple.
  4519 | Temple   | Entered the Ecumenical Temple
  4539 | Temple   | Became a worshipper of Vehumet
  4655 | D:4      | Got a pair of faintly humming boots
  4661 | D:4      | Identified the cursed -4 pair of boots "Caemujoi" {rN+}
                  | (You found it on level 4 of the Dungeon)
  4759 | D:5      | Entered Level 5 of the Dungeon
  4776 | D:4      | Reached skill level 6 in Earth Magic
  4776 | D:4      | Reached XP level 7. HP: 18/43 MP: 6/13
  5048 | D:5      | Noticed Menkaure
  5054 | D:5      | Killed Menkaure
  5055 | D:5      | Reached skill level 5 in Fighting
  5245 | D:5      | Reached skill level 7 in Earth Magic
  5337 | D:5      | Reached skill level 5 in Spellcasting
  5337 | D:5      | Reached XP level 8. HP: 47/49 MP: 11/15
  5446 | D:5      | Reached * piety under Vehumet
  5446 | D:5      | Offered knowledge of Foxfire by Vehumet.
  5455 | D:5      | Learned a level 1 spell: Foxfire
  5867 | D:5      | Found a blossoming altar of Fedhas.
  6520 | D:6      | Reached skill level 8 in Earth Magic
  6526 | D:6      | Noticed Edmund
  6531 | D:6      | Killed Edmund
  6656 | D:6      | Noticed Pikel
  6680 | D:6      | Killed Pikel
  6681 | D:6      | Reached skill level 9 in Earth Magic
  6681 | D:6      | Reached XP level 9. HP: 48/57 MP: 9/18
  7372 | D:7      | Found Hilluw's Jewellery Shoppe.
  7402 | D:7      | Bought an uncursed ring of see invisible for 225 gold
                  | pieces
  7550 | D:7      | Found a stormy altar of Qazlal.
  7795 | D:7      | Found a snail-covered altar of Cheibriados.
  7843 | D:7      | Found a hide-covered altar of Uskayaw.
  7915 | D:6      | Reached ** piety under Vehumet
  7938 | D:7      | Offered knowledge of Freeze by Vehumet.
  7939 | D:7      | Reached skill level 10 in Earth Magic
  8465 | D:8      | Noticed Maggie
  8473 | D:8      | Killed Maggie
  8474 | D:8      | Reached XP level 10. HP: 11/65 MP: 16/21
  9419 | D:9      | Found a staircase to the Lair.
  9486 | D:9      | Found a sacrificial altar of Ru.
  9510 | D:9      | Learned a level 5 spell: Lee's Rapid Deconstruction
  9616 | D:9      | Reached skill level 11 in Earth Magic
  9752 | D:9      | Offered knowledge of Conjure Flame by Vehumet.
  9757 | D:9      | Learned a level 3 spell: Conjure Flame
  9767 | D:9      | Noticed a manticore
  9775 | D:9      | Killed a manticore
 10015 | D:9      | Reached *** piety under Vehumet
 10106 | D:9      | Found a white marble altar of Elyvilon.
 10129 | D:9      | Reached skill level 10 in Fighting
 10330 | D:9      | Got a faintly glowing marble ring
 10333 | D:9      | Identified the ring of Migu {Wiz rPois Str-2 Dex+7} (You
                  | found it on level 9 of the Dungeon)
 10760 | D:9      | Reached XP level 11. HP: 72/72 MP: 20/23
 10850 | Lair:1   | Entered Level 1 of the Lair of Beasts
 11008 | Lair:1   | Reached skill level 12 in Earth Magic
 11490 | Lair:1   | Noticed an eight-headed hydra
 11503 | Lair:1   | Killed an eight-headed hydra
 11504 | Lair:1   | Reached skill level 1 in Fire Magic
 11597 | Lair:1   | Offered knowledge of Sticky Flame by Vehumet.
 11692 | Lair:1   | Learned a level 4 spell: Sticky Flame
 12156 | Lair:2   | Noticed an oklob plant
 12504 | Lair:2   | Found a staircase to the Snake Pit.
 12542 | Lair:2   | HP: 3/74 [cane toad (9)]
 12543 | Lair:2   | Mangled by a cane toad

Illustrated notes

Levels and vault maps discovered:
D:1:      giann_wishing_wells, layout_basic
D:2:      layout_basic, nicolae_dithmenos_through_a_glass_darkly,
          grunt_temple_overflow_open, lemuel_coloured_pillars_altar,
          general_overflow_altar
D:3:      layout_loops_ring, serial_glass, glass_columns_a, glass_columns_c,
          glass_columns_a, glass_columns_c, glass_columns_a, glass_columns_b,
          okawaru_ov_weapons_minmay
D:4:      layout_basic, nemelex_xobeh_ov_fountains_minmay, zin_treasury,
          lemuel_crystal_altar, minmay_temple_entry_wispy, minmay_shop_damaged
D:5:      layout_loops_corners, fedhas_altar_fruit_tree, uniq_menkaure
D:6:      layout_loops_corners, hangedman_abyss_or_decor_stagger,
          chequers_serial_rivers_marsh, hangedman_decor_push,
          kennysheep_decorative_pillar, nrook_loot_triangle, uniq_pikel,
          uniq_edmund
D:7:      layout_cave_pools, eat_drink_and_be_merry_uskayaw,
          nicolae_qazlal_general_emergency, slow_altar_1, serial_shops, shop,
          corexii_leaking_fountain
D:8:      layout_loops_ring, minmay_misc_feat_roman, uniq_maggie
D:9:      minmay_thinvault, layout_cave_pods, hangedman_ru_absence,
          lemuel_crystal_altar, due_lair_maze_entry_diamond
Temple:   compressed_dpeg_triangle_lava_temple
Lair:1:   layout_gridlike, st_stairs_10
Lair:2:   layout_regular_city, dummy_snake_entry, infiniplex_staircase_pool_2

Skill      XL: |  1  2  3  4  5  6  7  8  9 10 11 |
---------------+----------------------------------+-----
Fighting       | 1 2 3 4 5 7 8 10 11 | 11.2
Earth Magic    | 4 5 6 7 9 10 11 12 | 12.6
Spellcasting   | 3 4 5 6 7 8 9 |  9.7
Fire Magic     | 3 |  3.3
Dodging        | |  1.5
Stealth        | |  2.1
Transmutations | |  0.7

Action                   |  1- 3 |  4- 6 |  7- 9 | 10-12 || total
-------------------------+-------+-------+-------+-------++-------
Melee: Unarmed           |    86 |       |       |       ||    86
       Mace              |    80 |   273 |       |       ||   353
       Flail             |       |     1 |   258 |       ||   259
       Morningstar       |       |       |    42 |   279 ||   321
 Cast: Sandblast         |     6 |    35 |    98 |    81 ||   220
       Lee's Rapid Decon |       |       |       |     8 ||     8
  Use: Scroll            |       |    10 |     9 |     3 ||    22
       Potion            |       |       |       |     1 ||     1
 Stab: Sleeping          |       |     7 |     4 |     3 ||    14
Armor: Robe              |    60 |   198 |   206 |   217 ||   681
Dodge: Dodged            |   150 |   294 |   251 |   332 ||  1027
